 Dungeon Sprint DCSS version 0.16.1-2-g95b8d4c (webtiles) character file.

15200000 miro the Conqueror (level 27, -15/273 HPs)
             Began as a Ghoul Monk on Mar 25, 2015.
             Was the Champion of Makhleb.
             Demolished by a fleshlord
             ... wielding a +9 great mace
              (288 damage)
             ... in the Dungeon (Sprint VIII: "Arena of Blood").
             The game lasted 00:15:37 (152 turns).

miro the Conqueror (Ghoul Monk)                      Turns: 152, Time: 00:15:37

Health: -15/273    AC:  4    Str:  9 (19) XL:     27
Magic:  44/49      EV: 30    Int:  5      God:    Makhleb [******]
Gold:   0          SH:  0    Dex: 14 (20) Spells: 0 memorised, 80 levels left

rFire  + . .     SeeInvis +     f - +∞ Axe of Woe
rCold  + . .     Clarity  .     a - +0 robe
rNeg   + + +     SustAb   .     (no shield)
rPois  ∞         Gourm    .     (no helmet)
rElec  .         Spirit   .     (no cloak)
rCorr  .         Warding  .     (no gloves)
rMut   .         NoTele   +     (no boots)
MR     ++...                    (no amulet)
Stlth  +++++++++.               i - ring of protection from fire
                                h - ring of see invisible

@: rotting, slowed, very slow, very resistant to hostile enchantments,
incredibly stealthy
A: rotting body, claws 1, carnivore 3, cold resistance 1, negative energy
resistance 3, poison resistance, slow healing 1, torment resistance, unbreathing
a: Minor Destruction, Lesser Servant of Makhleb, Major Destruction, Greater
Servant of Makhleb, Renounce Religion


You were in the Dungeon.
You worshipped Makhleb.
Makhleb was exalted by your worship.
You were not hungry.

You visited 1 branch

Inventory:

Hand weapons
 f - the +∞ Axe of Woe (weapon)
   (You found it in the Dungeon)
Armour
 a - a +0 robe (worn)
Jewellery
 h - a ring of see invisible (left claw)
 i - a ring of protection from fire (right claw)
Scrolls
 g - a scroll of blinking
Potions
 b - a potion of curing
 c - a potion of heal wounds
 d - a potion of haste
 e - 2 potions of magic


   Skills:
 O Level 27 Fighting
 O Level 27 Axes
 O Level 27 Throwing
 O Level 27 Armour
 O Level 27 Dodging
 O Level 27 Stealth
 O Level 27 Unarmed Combat
 O Level 27 Spellcasting
 O Level 27 Invocations


You had 80 spell levels left.
You didn't know any spells.

Dungeon Overview and Level Annotations

Branches:
Dungeon (1/1)

Altars:
Makhleb


Innate Abilities, Weirdness & Mutations

Your body is rotting away.
You thrive on raw meat.
You have sharp fingernails.
You are carnivorous and can eat meat at any time.
Your flesh is cold resistant.
You are immune to negative energy.
Your system is resistant to poisons.
You heal slowly when monsters are visible.
You are immune to unholy pain and torment.
You can survive without breathing.


Message History

The corpses begin to drag themselves along the ground!
You hear a shout! x2
A small abomination comes into view.
You hit the crawling corpse!!
You dissect the crawling corpse like a pig carcass.
You destroy the crawling corpse!
You hit the large abomination!!
You chop the large abomination into pieces.
You destroy the large abomination!
Makhleb accepts your kill.
You hit the crawling corpse!
You slaughter the crawling corpse joyfully.
You destroy the crawling corpse!
You hear a shout! x7
The small abomination moves out of view.
The destroyer blinks!
You hear a shout! x3
The fleshlord hits you with a +9 great mace!!!!!!
Ouch! That really hurt!
You die...

### #....#.....o
#........#... ..
#...o.....#. . #..
#.o...o..oz .#. #..
#.X...o..o#......###..
#..XW#.o.S.......%....##
#OX§o##)ppz...#........_
#))§§§#@)oWo#....%..#...
#.)..o)###G.........#_.<
#))§Vx##....#.....%.#...
#%..X#.%..O...#........_
#..)x#p.......))))....##
#............).).###..xX
#....).)..)....))).#.xX)
#....)))S.).%%...%.#.)X)
#......)..#...%%....).))


You could see a destroyer, an observer (invisible), a scourge, 2 fleshlords, 2
sculptors of flesh, a large abomination, a dread and 10 bags of meat.

Vanquished Creatures
  3 great orbs of eyes (D)
  5 greater mummies (D)
  8 hell beasts (D)
  4 hell knights (D)
  9 hill giants (D)
  6 hydras (D)
  10 liches (D)
  41 ogres (D)
  69 orcs (D)
  7 phantoms (D)
  10 skeletal warriors (D)
  12 vampire knights (D)
  3 wraiths (D)
  3 sea snakes (D)
  10 tentacled monstrosities (D)
  18 large abominations (D)
  A reaper (D)
  12 small abominations (D)
  14 crawling corpses (D)
245 creatures vanquished.

Vanquished Creatures (others)
  6 crawling corpses (D)
6 creatures vanquished.

Grand Total: 251 creatures vanquished

Notes
Turn   | Place    | Note
--------------------------------------------------------------
     0 | D        | miro, the Ghoul Monk, began the quest for the Orb.
     0 | D        | Reached XP level 1. HP: 19/19 MP: 1/1
     3 | D        | Noticed a bag of meat
     3 | D        | Became a worshipper of Makhleb the Destroyer
     3 | D        | Acquired Makhleb's first power
     3 | D        | Acquired Makhleb's second power
     5 | D        | Noticed a bag of meat
     6 | D        | Noticed a bag of meat
     8 | D        | Noticed a bag of meat
     8 | D        | Noticed a bag of meat
     8 | D        | Noticed a bag of meat
     8 | D        | Killed a bag of meat
     8 | D        | Reached skill level 16 in Fighting
     8 | D        | Reached skill level 15 in Axes
     8 | D        | Reached XP level 2. HP: 22/50 MP: 2/2
     8 | D        | Reached XP level 3. HP: 25/57 MP: 3/3
     8 | D        | Reached XP level 4. HP: 28/64 MP: 3/3
     8 | D        | Reached XP level 5. HP: 31/71 MP: 4/4
     8 | D        | Reached XP level 6. HP: 34/80 MP: 5/5
     8 | D        | Reached XP level 7. HP: 36/86 MP: 5/5
     8 | D        | Reached XP level 8. HP: 39/94 MP: 6/6
     8 | D        | Reached XP level 9. HP: 41/101 MP: 7/7
     8 | D        | Reached XP level 10. HP: 43/108 MP: 7/7
     8 | D        | Reached XP level 11. HP: 45/115 MP: 8/8
     9 | D        | Noticed a bag of meat
     9 | D        | Noticed a bag of meat
     9 | D        | Noticed a bag of meat
     9 | D        | Killed a bag of meat
     9 | D        | Reached skill level 18 in Fighting
     9 | D        | Reached XP level 12. HP: 106/128 MP: 9/9
    10 | D        | Noticed a large bag of meat
    10 | D        | Killed a bag of meat
    10 | D        | Acquired Makhleb's third power
    10 | D        | Reached skill level 20 in Fighting
    10 | D        | Reached XP level 13. HP: 133/139 MP: 9/9
    11 | D        | Killed a bag of meat
    11 | D        | Reached skill level 21 in Fighting
    11 | D        | Reached XP level 14. HP: 146/151 MP: 10/10
    12 | D        | Noticed a bag of meat
    13 | D        | Killed a bag of meat
    13 | D        | Acquired Makhleb's fourth power
    13 | D        | Reached skill level 22 in Fighting
    13 | D        | Killed a bag of meat
    13 | D        | Reached skill level 23 in Fighting
    13 | D        | Reached XP level 15. HP: 162/165 MP: 11/11
    13 | D        | Killed a bag of meat
    13 | D        | Reached skill level 24 in Fighting
    14 | D        | Noticed a meat berserker
    15 | D        | Killed a bag of meat
    15 | D        | Acquired Makhleb's fifth power
    15 | D        | Reached skill level 25 in Fighting
    16 | D        | Noticed a bag of meat
    16 | D        | Noticed a bag of meat
    17 | D        | Killed a meat berserker
    17 | D        | Reached XP level 16. HP: 177/180 MP: 11/11
    17 | D        | Killed a large bag of meat
    17 | D        | Reached skill level 26 in Fighting
    17 | D        | Killed a bag of meat
    17 | D        | Reached skill level 27 in Fighting
    17 | D        | Killed a bag of meat
    18 | D        | Noticed a meat berserker
    18 | D        | Noticed a meat berserker
    18 | D        | Noticed a bag of meat
    19 | D        | Killed a bag of meat
    19 | D        | Reached skill level 27 in Axes
    19 | D        | Reached XP level 17. HP: 178/191 MP: 12/12
    20 | D        | Noticed a meat berserker
    21 | D        | Noticed a bag of meat
    21 | D        | Killed a bag of meat
    21 | D        | Reached skill level 27 in Dodging
    22 | D        | Noticed a large bag of meat
    22 | D        | Noticed a meat berserker
    23 | D        | Noticed a meat berserker
    23 | D        | Noticed a bag of meat
    23 | D        | Noticed a meat berserker
    23 | D        | Noticed a meat berserker
    23 | D        | Killed a meat berserker
    23 | D        | Reached skill level 5 in Spellcasting
    24 | D        | Noticed a bag of meat
    24 | D        | Noticed a bag of meat
    24 | D        | Noticed a bag of meat
    24 | D        | Noticed a bag of meat
    25 | D        | Noticed a destroyer
    25 | D        | Noticed a large bag of meat
    25 | D        | Killed a meat berserker
    25 | D        | Reached skill level 10 in Invocations
    25 | D        | Killed a meat berserker
    25 | D        | Reached skill level 10 in Throwing
    25 | D        | Reached skill level 10 in Armour
    25 | D        | Reached XP level 18. HP: 200/200 MP: 12/33
    26 | D        | Noticed a bag of meat
    26 | D        | Killed a meat berserker
    26 | D        | Killed a bag of meat
    26 | D        | Reached skill level 15 in Invocations
    26 | D        | Noticed a bag of meat
    27 | D        | Killed a meat berserker
    28 | D        | Noticed a large bag of meat
    28 | D        | Killed a meat berserker
    28 | D        | Reached skill level 15 in Throwing
    28 | D        | Reached skill level 15 in Armour
    28 | D        | Killed a meat berserker
    28 | D        | Reached skill level 15 in Spellcasting
    28 | D        | Reached XP level 19. HP: 207/207 MP: 12/38
    30 | D        | Noticed an eight-headed meat hydra
    30 | D        | Killed a bag of meat
    30 | D        | Killed a large bag of meat
    30 | D        | Killed a bag of meat
    30 | D        | Killed a large bag of meat
    31 | D        | Killed a destroyer
    31 | D        | Killed a bag of meat
    31 | D        | Reached XP level 20. HP: 216/216 MP: 13/41
    33 | D        | Noticed a bag of meat
    34 | D        | Noticed a destroyer
    35 | D        | Noticed a sculptor of flesh
    37 | D        | Noticed a destroyer
    37 | D        | Noticed a sculptor of flesh
    40 | D        | Killed a destroyer
    40 | D        | Killed a large bag of meat
    40 | D        | Killed a bag of meat
    40 | D        | Killed a bag of meat
    40 | D        | Killed a sculptor of flesh
    42 | D        | Noticed a destroyer
    42 | D        | Killed a nine-headed meat hydra
    42 | D        | Killed a bag of meat
    42 | D        | Reached skill level 27 in Invocations
    42 | D        | Reached XP level 21. HP: 224/224 MP: 16/44
    42 | D        | Killed a bag of meat
    43 | D        | Killed a destroyer
    43 | D        | Killed a bag of meat
    45 | D        | Killed a bag of meat
    46 | D        | Killed a destroyer
    49 | D        | Noticed a bag of meat
    50 | D        | Noticed an accursed
    50 | D        | Noticed a meat berserker
    50 | D        | Noticed a bag of meat
    52 | D        | Noticed a meat berserker
    52 | D        | Noticed an accursed
    52 | D        | Noticed a sculptor of flesh
    53 | D        | Noticed a bag of meat
    53 | D        | Killed a meat berserker
    54 | D        | Noticed a meat berserker
    55 | D        | Noticed an eight-headed meat hydra
    55 | D        | Noticed a meat berserker
    55 | D        | Noticed a bag of meat
    56 | D        | Noticed a sculptor of flesh
    56 | D        | Killed an accursed
    56 | D        | Reached skill level 27 in Throwing
    56 | D        | Reached skill level 27 in Armour
    56 | D        | Reached XP level 22. HP: 201/233 MP: 19/46
    56 | D        | Killed a bag of meat
    56 | D        | Reached skill level 27 in Spellcasting
    56 | D        | Reached skill level 10 in Unarmed Combat
    56 | D        | Killed a bag of meat
    57 | D        | Noticed a bag of meat
    57 | D        | Killed a bag of meat
    58 | D        | Noticed a meat berserker
    58 | D        | Noticed a meat berserker
    58 | D        | Noticed a destroyer
    58 | D        | Killed a meat berserker
    58 | D        | Killed a sculptor of flesh
    58 | D        | Killed a meat berserker
    58 | D        | Reached skill level 27 in Unarmed Combat
    59 | D        | Noticed a bag of meat
    59 | D        | Noticed a destroyer
    59 | D        | Killed a destroyer
    59 | D        | Reached XP level 23. HP: 240/240 MP: 20/47
    60 | D        | Noticed a meat berserker
    60 | D        | Noticed a meat berserker
    60 | D        | Killed an accursed
    60 | D        | Killed a meat berserker
    61 | D        | Noticed a bag of meat
    61 | D        | Noticed a dread
    61 | D        | Noticed a bag of meat
    61 | D        | Noticed a tyrant
    62 | D        | Killed a nine-headed meat hydra
    62 | D        | Reached skill level 27 in Stealth
    62 | D        | Killed a bag of meat
    63 | D        | Killed a meat berserker
    64 | D        | Noticed a meat berserker
    64 | D        | Noticed a meat berserker
    64 | D        | Killed a meat berserker
    64 | D        | Killed a bag of meat
    64 | D        | Killed a bag of meat
    64 | D        | Reached XP level 24. HP: 249/249 MP: 21/48
    66 | D        | Killed a meat berserker
    66 | D        | Killed a sculptor of flesh
    66 | D        | Killed a meat berserker
    67 | D        | Killed a dread
    67 | D        | Killed a bag of meat
    68 | D        | Killed a meat berserker
    69 | D        | Killed a meat berserker
    70 | D        | Noticed a meat beast
    71 | D        | Noticed a meat beast
    72 | D        | Noticed a bag of meat
    72 | D        | Noticed a meat berserker
    72 | D        | Killed a destroyer
    73 | D        | Noticed a large bag of meat
    74 | D        | Noticed a meat berserker
    74 | D        | Noticed a meat berserker
    74 | D        | Noticed a tyrant
    74 | D        | Noticed a meat berserker
    74 | D        | Noticed a bag of meat
    74 | D        | Noticed a sculptor of flesh
    74 | D        | Noticed an accursed
    75 | D        | Noticed a bag of meat
    75 | D        | Noticed a bag of meat
    75 | D        | Noticed a bag of meat
    75 | D        | Noticed a destroyer
    75 | D        | Noticed a meat berserker
    76 | D        | Noticed a sculptor of flesh
    76 | D        | Noticed a dread
    76 | D        | Noticed a meat beast
    77 | D        | Noticed a meat berserker
    77 | D        | Noticed a large bag of meat
    77 | D        | Killed a meat berserker
    77 | D        | Reached XP level 25. HP: 222/257 MP: 25/48
    77 | D        | Killed a meat berserker
    78 | D        | Noticed a meat berserker
    78 | D        | Noticed a bag of meat
    78 | D        | Noticed a bag of meat
    78 | D        | Killed a meat berserker
    78 | D        | Killed a bag of meat
    79 | D        | Noticed a wretched soul
    79 | D        | Killed a meat berserker
    79 | D        | Killed a meat beast
    80 | D        | Noticed a bag of meat
    80 | D        | Noticed a wretched soul
    80 | D        | Killed a meat beast
    80 | D        | Killed a tyrant
    81 | D        | Noticed a bag of meat
    81 | D        | Noticed a bag of meat
    81 | D        | Noticed a sculptor of flesh
    81 | D        | Noticed a sculptor of flesh
    81 | D        | Killed a large bag of meat
    82 | D        | Noticed a bag of meat
    82 | D        | Noticed a destroyer
    82 | D        | Killed a sculptor of flesh
    82 | D        | Killed a bag of meat
    82 | D        | Reached XP level 26. HP: 266/266 MP: 26/48
    83 | D        | Noticed a bag of meat
    83 | D        | Killed a wretched soul
    83 | D        | Killed a bag of meat
    83 | D        | Killed a bag of meat
    84 | D        | Noticed a meat berserker
    84 | D        | Killed a destroyer
    84 | D        | Killed a bag of meat
    84 | D        | Killed a sculptor of flesh
    85 | D        | Noticed a destroyer
    85 | D        | Killed a meat berserker
    85 | D        | Killed a large bag of meat
    86 | D        | Noticed a destroyer
    86 | D        | Killed a dread
    86 | D        | Killed a meat berserker
    86 | D        | Reached XP level 27. HP: 273/273 MP: 27/49
    86 | D        | Killed a meat berserker
    86 | D        | Killed a tyrant
    87 | D        | Noticed a tyrant
    87 | D        | Noticed a tyrant
    87 | D        | Killed a meat beast
    87 | D        | Killed a bag of meat
    88 | D        | Noticed a tyrant
    88 | D        | Noticed a sculptor of flesh
    88 | D        | Killed a bag of meat
    88 | D        | Killed a bag of meat
    88 | D        | Killed a bag of meat
    89 | D        | Noticed a meat berserker
    89 | D        | Noticed a meat beast
    89 | D        | Killed a wretched soul
    89 | D        | Killed a bag of meat
    90 | D        | Noticed a bag of meat
    90 | D        | Noticed a wretched soul
    90 | D        | Killed a destroyer
    90 | D        | Killed a meat berserker
    90 | D        | Killed a destroyer
    91 | D        | Killed a sculptor of flesh
    91 | D        | Killed a bag of meat
    91 | D        | Killed a sculptor of flesh
    92 | D        | Noticed a wretched soul
    92 | D        | Killed a bag of meat
    92 | D        | Killed a bag of meat
    93 | D        | Noticed a bag of meat
    93 | D        | Noticed a tyrant
    93 | D        | Killed a sculptor of flesh
    93 | D        | Killed a destroyer
    93 | D        | Killed a meat berserker
    94 | D        | Noticed a wretched soul
    95 | D        | Noticed a bag of meat
    95 | D        | Noticed a meat berserker
    95 | D        | Killed an accursed
    95 | D        | Killed a meat beast
    96 | D        | Noticed an observer
    96 | D        | Noticed an accursed
    96 | D        | Killed a wretched soul
    96 | D        | Killed a tyrant
    96 | D        | Killed a tyrant
    97 | D        | Noticed a wretched soul
    98 | D        | Noticed a meat beast
    98 | D        | Noticed a bag of meat
    98 | D        | Killed a tyrant
    99 | D        | Killed a wretched soul
    99 | D        | Killed a meat berserker
   101 | D        | Killed an observer
   101 | D        | Killed a bag of meat
   101 | D        | Killed a wretched soul
   101 | D        | Killed a meat beast
   101 | D        | Killed a sculptor of flesh
   101 | D        | Killed a bag of meat
   103 | D        | Noticed a meat berserker
   106 | D        | Noticed a meat berserker
   106 | D        | Noticed a bag of meat
   106 | D        | Noticed a bag of meat
   106 | D        | Noticed a bag of meat
   106 | D        | Noticed a bag of meat
   107 | D        | Noticed an accursed
   107 | D        | Noticed a bag of meat
   107 | D        | Noticed a tyrant
   107 | D        | Killed a meat berserker
   107 | D        | Killed a bag of meat
   108 | D        | Killed an accursed
   109 | D        | Noticed a meat berserker
   109 | D        | Noticed a tyrant
   109 | D        | Noticed a bag of meat
   110 | D        | Noticed a meat berserker
   110 | D        | Noticed a meat berserker
   110 | D        | Noticed a bag of meat
   110 | D        | Killed a meat berserker
   111 | D        | Noticed a bag of meat
   111 | D        | Noticed a large bag of meat
   111 | D        | Noticed a large bag of meat
   112 | D        | Noticed an observer
   112 | D        | Noticed a bag of meat
   112 | D        | Noticed a dread
   112 | D        | Noticed a bag of meat
   113 | D        | Noticed a bag of meat
   113 | D        | Killed a meat berserker
   113 | D        | Killed a bag of meat
   113 | D        | Killed a bag of meat
   113 | D        | Killed a bag of meat
   114 | D        | Noticed a destroyer
   114 | D        | Killed a tyrant
   114 | D        | Killed a bag of meat
   114 | D        | Killed a bag of meat
   114 | D        | Killed a bag of meat
   115 | D        | Noticed a bag of meat
   115 | D        | Killed a tyrant
   116 | D        | Noticed a bag of meat
   116 | D        | Killed a dread
   116 | D        | Killed a bag of meat
   116 | D        | Killed a tyrant
   117 | D        | Noticed a bag of meat
   117 | D        | Killed a meat berserker
   117 | D        | Killed a wretched soul
   117 | D        | Killed a large bag of meat
   118 | D        | Killed a bag of meat
   118 | D        | Killed an accursed
   119 | D        | Noticed a meat beast
   120 | D        | Noticed a meat beast
   120 | D        | Noticed a bag of meat
   121 | D        | Noticed a meat berserker
   121 | D        | Noticed a bag of meat
   122 | D        | Killed a destroyer
   122 | D        | Killed a meat beast
   122 | D        | Killed a bag of meat
   123 | D        | Noticed a tyrant
   123 | D        | Noticed a destroyer
   123 | D        | Noticed a sculptor of flesh
   124 | D        | Noticed a bag of meat
   124 | D        | Noticed a meat berserker
   124 | D        | Noticed a meat berserker
   124 | D        | Noticed a large bag of meat
   125 | D        | Noticed a bag of meat
   126 | D        | Noticed an observer
   126 | D        | Noticed a bag of meat
   126 | D        | Killed an observer
   126 | D        | Killed a meat berserker
   126 | D        | Killed a large bag of meat
   127 | D        | Noticed a bag of meat
   127 | D        | Killed a meat beast
   127 | D        | Killed a bag of meat
   127 | D        | Killed a destroyer
   128 | D        | Noticed a bag of meat
   128 | D        | Killed a bag of meat
   128 | D        | Killed a bag of meat
   129 | D        | Noticed a bag of meat
   129 | D        | Killed a meat berserker
   129 | D        | Killed a bag of meat
   130 | D        | Noticed a destroyer
   131 | D        | Noticed a bag of meat
   131 | D        | Noticed a fleshlord
   132 | D        | Noticed a wretched soul
   133 | D        | Killed an observer
   133 | D        | Killed a bag of meat
   133 | D        | Killed a bag of meat
   135 | D        | Noticed a tyrant
   135 | D        | Killed a bag of meat
   136 | D        | Killed a meat berserker
   136 | D        | Killed a large bag of meat
   137 | D        | Noticed a sculptor of flesh
   137 | D        | Noticed a bag of meat
   137 | D        | Noticed a fleshlord
   138 | D        | Noticed a meat berserker
   138 | D        | Killed a tyrant
   139 | D        | Noticed a bag of meat
   139 | D        | Noticed a bag of meat
   139 | D        | Noticed a fleshlord
   139 | D        | Noticed an eight-headed meat hydra
   140 | D        | Killed a bag of meat
   140 | D        | Killed a sculptor of flesh
   140 | D        | Killed a bag of meat
   141 | D        | Noticed a meat berserker
   141 | D        | Noticed a meat berserker
   141 | D        | Noticed a bag of meat
   141 | D        | Noticed a bag of meat
   141 | D        | Noticed a fleshlord
   141 | D        | Noticed a meat beast
   141 | D        | Noticed a fleshlord
   142 | D        | Noticed a bag of meat
   142 | D        | Killed a fleshlord
   142 | D        | Killed a bag of meat
   143 | D        | Killed a fleshlord
   143 | D        | Killed a bag of meat
   144 | D        | Killed a bag of meat
   144 | D        | Killed a meat berserker
   145 | D        | Noticed a fleshlord
   145 | D        | Noticed a dread
   145 | D        | Noticed a meat berserker
   145 | D        | Killed a meat berserker
   145 | D        | Killed a tyrant
   146 | D        | Killed a fleshlord
   146 | D        | Killed a meat berserker
   146 | D        | Killed a wretched soul
   146 | D        | Killed a meat beast
   147 | D        | Noticed a meat berserker
   147 | D        | Noticed a meat berserker
   147 | D        | Noticed a sculptor of flesh
   147 | D        | Killed a bag of meat
   148 | D        | Noticed a bag of meat
   148 | D        | Noticed a fleshlord
   148 | D        | Killed a fleshlord
   148 | D        | Killed a bag of meat
   148 | D        | Killed a nine-headed meat hydra
   149 | D        | Noticed a sculptor of flesh
   149 | D        | Noticed a bag of meat
   149 | D        | Noticed a bag of meat
   149 | D        | Noticed a bag of meat
   149 | D        | Killed a meat berserker
   149 | D        | Killed a meat berserker
   150 | D        | Noticed a bag of meat
   150 | D        | Noticed a bag of meat
   151 | D        | Killed a bag of meat
   151 | D        | Killed a meat berserker
   152 | D        | Demolished by a fleshlord

Action                   |  1- 3 |  4- 6 |  7- 9 | 10-12 | 13-15 | 16-18 | 19-21 | 22-24 | 25-27 || total
-------------------------+-------+-------+-------+-------+-------+-------+-------+-------+-------++-------
Melee: Executioner's axe |     1 |       |       |     2 |     4 |     7 |     9 |    13 |    52 ||    88
